 Dungeon Crawl Stone Soup version 0.31-a0-667-g39726597b9 (webtiles) character file.

Game seed: 10211779726758289449

830 Deathmic the Ruffian (level 7, 0/106 HPs)
             Began as a Troll Berserker on Sept 3, 2023.
             Was a Priest of Trog.
             Succumbed to a scorpion's poison
             ... on level 5 of the Dungeon.
             The game lasted 00:09:41 (4369 turns).

Deathmic the Ruffian (Troll Berserker)              Turns: 4369, Time: 00:09:42

Health: 0/106      AC: 23    Str: 28    XL:     7   Next: 65%
Magic:  6/6        EV:  1    Int:  3    God:    Trog [***...]
Gold:   257        SH:  0    Dex:  9    Spells: 6/6 levels left

rFire   . .          .
                       - Unarmed
rCold   . . .        (no shield)
rNeg    . . .        a - melded +0 animal skin
rPois   +            (helmet currently unavailable)
rElec   .            (cloak currently unavailable)
rCorr   .            (gloves unavailable)
SInv    .            (boots unavailable)
Will    .....        (no amulet)
Stlth   +            (no ring)
HPRegen 1.17/turn    (no ring)
MPRegen 0.10/turn

%: no passive effects
@: brilliant, lethally poisoned (0 -> -3), tree-form, attractive, hasted,
invisible, very quick
A: stationary, stasis, torment immunity, boosted hp, large, unfitting armour,
(claws 3), regeneration 1, (shaggy fur 1), (tough skin 1)
a: Renounce Religion, Berserk, Trog's Hand


You were on level 5 of the Dungeon.
You worshipped Trog.
Trog was most pleased with you.
You were a tree.
You visited 1 branch of the dungeon, and saw 5 of its levels.
You also visited: Sewer.

You collected 257 gold pieces.

Inventory:

Missiles
 d - 9 boomerangs
 l - 11 stones
 w - 7 poisoned darts
Armour
 a - a +0 animal skin (melded)
Jewellery
 r - a +6 ring of intelligence
Scrolls
 b - a scroll of torment {unknown}
 c - a scroll of teleportation
 k - 2 scrolls of immolation {unknown}
 n - a scroll of amnesia {unknown}
 p - 5 scrolls of identify {unknown}
 s - a scroll of revelation {unknown}
 t - 3 scrolls of silence {unknown}
Potions
 e - a potion of haste
 f - 3 potions of attraction
 g - a potion of brilliance
 i - a potion of mutation {unknown}
 j - 2 potions of invisibility
 m - a potion of lignification
 o - a potion of resistance {unknown}
 q - a potion of might {unknown}
 u - 4 potions of heal wounds
 v - 2 potions of enlightenment
 x - a potion of degeneration {unknown}
 z - a potion of curing {unknown}


   Skills:
 + Level 4.8 Fighting
 + Level 4.7 Dodging
 + Level 5.8 Unarmed Combat


You had 6 spell levels left.
You didn't know any spells.
Your spell library was empty.

Dungeon Overview and Level Annotations

Branches:
Dungeon (5/15)             Temple (0/1) D:5           Sewer (visited)

Altars:
Zin

Shops:
D:4 :


Innate Abilities, Weirdness & Mutations

You are a tree.
Your roots penetrate the ground, keeping you stationary.
You cannot be teleported.
You are immune to unholy pain and torment.
Your maximum health is greatly increased.
Your equipment is partially melded.
You are too large for most types of armour.
((You have claws for hands.))
Your natural rate of healing is unusually fast.
((You are covered in fur. (AC +1)))
((You have tough skin. (AC +1)))


Message History

The scorpion barely misses you.
You mangle the worm!!
You kill the worm!
Trog accepts your kill.
You feel very sick. The orc hits you with a +0 whip. Something hits you.
The scorpion stings you.
You are more poisoned.
The scorpion poisons you!
It was a potion of attraction.
You feel attractive to monsters.
You feel very sick. The orc hits you but does no damage. Something hits you.
* * * LOW HITPOINT WARNING * * *
The scorpion stings you.
* * * LOW HITPOINT WARNING * * *
It was a potion of invisibility.
You fade into invisibility!
* * * LOW HITPOINT WARNING * * *
You feel very sick. The orc hits you with a +0 whip.
* * * LOW HITPOINT WARNING * * *
Something hits you but does no damage. The scorpion closely misses you.
It was a potion of brilliance.
You feel clever all of a sudden.
* * * LOW HITPOINT WARNING * * *
You feel very sick.
The scorpion stings you but does no damage.
The orc barely misses you. Something completely misses you.
It was a potion of haste.
You feel yourself speed up.
* * * LOW HITPOINT WARNING * * *
You feel very sick. The scorpion stings you.
* * * LOW HITPOINT WARNING * * *
The orc barely misses you. Something hits you.
* * * LOW HITPOINT WARNING * * *
The scorpion closely misses you.
It was a potion of lignification.
You turn into a tree.
Your +0 animal skin melds into your body.
Your roots penetrate the ground.
You die...

#### <...#
##################....#
.......##........#....#
.......##.............#
.......##.............#
......................#
............###.>o....##
............# #{♣†......
............# #.†s......
............# #.........
............# #.........
...########## #........(
..†# ######.... ...#
..(. ...# ... ...#


You could see a scorpion (unable to see you) and an orc (unable to see you).

Vanquished Creatures
  A black bear (D:5)
  2 ogres (D:4)
  A kobold brigand (Sewer)
  A scorpion (D:5)
  An orc priest (D:4)
  2 hounds
  Jessica (D:3)
  2 iguanas
  2 orc wizards
  4 gnolls (D:3)
  8 adders
  A river rat (Sewer)
  3 worms
  3 dart slugs
  10 orcs
  A bat (D:3)
  10 endoplasms
  3 giant cockroaches
  3 goblins
  7 hobgoblins
  A jackal (Sewer)
  3 quokkas
  8 ball pythons
  12 kobolds
  13 rats
103 creatures vanquished.

Notes
Turn   | Place    | Note
-------+----------+-------------------------------------------
     0 | D:1      | Deathmic the Troll Berserker began the quest for the Orb.
     0 | D:1      | Reached XP level 1. HP: 22/22 MP: 0/0
   211 | D:1      | Reached XP level 2. HP: 29/29 MP: 1/1
  1105 | D:2      | Reached XP level 3. HP: 36/36 MP: 2/2
  1532 | D:2      | Reached ** piety under Trog
  1848 | D:2      | Reached XP level 4. HP: 20/45 MP: 3/3
  2081 | D:3      | Reached skill level 4 in Unarmed Combat
  2370 | D:3      | Reached XP level 5. HP: 13/53 MP: 4/4
  2580 | D:3      | Noticed Jessica
  2584 | D:3      | Killed Jessica
  3166 | D:4      | Found Xohielad's Self-Improvement Boutique.
  3352 | D:4      | Reached XP level 6. HP: 62/62 MP: 5/5
  3464 | D:4      | Reached skill level 5 in Unarmed Combat
  3641 | D:4      | Found a glowing drain.
  3646 | Sewer    | Entered a sewer
  3654 | Sewer    | Reached XP level 7. HP: 71/71 MP: 6/6
  3664 | Sewer    | Reached *** piety under Trog
  3757 | Sewer    | Found a white marble altar of Elyvilon.
  4114 | D:5      | Entered Level 5 of the Dungeon
  4116 | D:5      | Found a staircase to the Ecumenical Temple.
  4290 | D:5      | Found a glowing silver altar of Zin.
  4291 | D:5      | Noticed an angel
  4368 | D:5      | HP: 3/71 [scorpion (1)]
  4368 | D:5      | HP: 1/71 [something (2)]
  4369 | D:5      | Succumbed to a scorpion's poison

Illustrated notes

Levels and vault maps discovered:
D:1:      dpeg_arrival_pits, layout_basic, minivault_4
D:2:      layout_basic
D:3:      layout_basic, uniq_jessica
D:4:      layout_loops_ring, portal_sewer_entry_e, kennysheep_cross_room,
          corexii_shack, nicolae_shop_self_help
D:5:      wad_lake_hut, layout_basic, zin_angel, minmay_temple_entry_crystal_x

Skill      XL: |  1  2  3  4  5  6 |
---------------+-------------------+-----
Fighting       | 3 4 |  4.8
Dodging        | 3 4 |  4.7
Unarmed Combat | 4 5 |  5.8

Action                     |  1- 3 |  4- 6 |  7- 9 || total
---------------------------+-------+-------+-------++-------
  Melee: Unarmed           |   114 |   124 |    53 ||   291
         Punch             |     1 |     2 |     2 ||     5
  Throw: Stone             |    32 |       |       ||    32
         Javelin           |       |       |     3 ||     3
 Invoke: Berserk           |       |     1 |       ||     1
    Use: Scroll            |     3 |       |       ||     3
         Potion            |       |       |     5 ||     5
   Stab: Sleeping          |       |     1 |       ||     1
 Armour: Animal skin       |    45 |    97 |    49 ||   191
  Dodge: Dodged            |    43 |    48 |    42 ||   133

Table legend: (Time is in decaauts)
 A = Elapsed time spent in this place.
 B = Non-inter-level travel time spent in this place.
 C = Inter-level travel time spent in this place.
 D = Time resting spent in this place.
 E = Time spent auto-exploring this place.
 F = Levels seen in this place.
 G = Mean time per level.
                   A        B        C        D        E       F      G
               +--------+--------+--------+--------+--------+-----+--------+
         Total |   4360 |   4066 |    294 |    132 |   3140 |   6 |  726.7 |
       Dungeon |   4175 |   3881 |    294 |    132 |   3040 |   5 |  835.0 |
         Sewer |    184 |    184 |      0 |      0 |    100 |   1 |  184.0 |
               +--------+--------+--------+--------+--------+-----+--------+

Top non-repeatable levels by time:
     D:3: 1179 daAuts
     D:1: 994 daAuts
     D:2: 979 daAuts
     D:4: 768 daAuts
     D:5: 253 daAuts
   Sewer: 184 daAuts
